Map: Glittering Ashes LE

Players

Pumba - Winner!

  • Race: Protoss Protoss
  • League: Diamond
  • Spawn Location: 7:00

TerrorSquad

  • Race: Zerg Zerg
  • League: Diamond
  • Spawn Location: 1:00

VOD

Have the link to the VOD?

Description

Time

  • Played on: Feb. 15, 2022, 8:22 p.m.
  • Length: 14:31
Show
View Real Time Build Order
Export as new Build Order

Pumba Protoss - Winner!

Build Orders: Archon Immortal, Archon Drop 

Get SALT Encoding   

  12  0:00  Probe  
  13  0:12  Probe  
  14  0:20  Pylon  
  14  0:24  Probe  
  15  0:38  Probe (Chrono Boost), Gateway  
  16  0:47  Assimilator  
  17  0:50  Probe (Chrono Boost)  
  17  0:55  Probe (Chrono Boost)  
  18  1:04  Probe  
  19  1:16  Probe  
  20  1:26  Gateway  
  20  1:27  Gateway  
  20  1:28  Zealot (Chrono Boost)  
  20  1:30  Cybernetics Core  
  22  1:33  Pylon  
  22  1:36  Probe  
  23  1:50  Zealot (Chrono Boost)  
  25  2:12  Adept (Chrono Boost)  
  29  2:19  Adept (Chrono Boost)  
  29  2:22  Nexus  
  29  2:32  Probe, Assimilator  
  30  2:38  Pylon  
  30  2:44  Warp Gate, Probe  
  31  2:56  Probe  
  32  3:06  Twilight Council  
  32  3:08  Probe  
  32  3:09  Stalker  
  35  3:20  Probe  
  36  3:33  Robotics Facility  
  37  3:34  Probe (Chrono Boost)  
  37  3:37  Probe (Chrono Boost)  
  38  3:44  Probe (Chrono Boost)  
  38  3:47  Probe (Chrono Boost)  
  40  3:49  Probe (Chrono Boost)  
  41  3:58  Probe (Chrono Boost)  
  42  4:05  Dark Shrine  
  42  4:07  Probe (Chrono Boost)  
  42  4:09  Gateway  
  44  4:12  Gateway  
  44  4:15  Probe (Chrono Boost)  
  44  4:18  Gateway  
  44  4:19  Probe (Chrono Boost)  
  44  4:21  Probe (Chrono Boost)  
  44  4:23  Warp Prism (Chrono Boost)  
  48  4:33  Probe  
  48  4:34  Probe  
  50  4:40  Pylon  
  50  4:46  Assimilator  
  50  4:47  Probe, Assimilator  
  50  4:51  Probe  
  52  4:59  Probe  
  53  5:01  Pylon  
  53  5:05  Probe, Pylon  
  54  5:12  Probe  
  55  5:17  Probe  
  56  5:21  Dark Templar x4  
  56  5:27  Probe  
  65  5:29  Probe  
  66  5:39  Probe  
  66  5:40  Nexus  
  66  5:42  Pylon  
  67  5:44  Probe  
  67  5:48  Archon  
  67  5:49  Archon  
  68  5:52  Probe  
  69  6:04  Robotics Facility  
  69  6:06  Forge  
  69  6:07  Charge  
  69  6:09  Observer (Chrono Boost)  
  70  6:12  Sentry x3  
  76  6:25  Protoss Ground Weapons Level 1 (Chrono Boost)  
  76  6:26  Shield Battery, Probe x2  
  76  6:28  Pylon  
  76  6:32  Immortal (Chrono Boost)  
  78  6:38  Probe x2  
  84  6:43  Gateway  
  84  6:45  Gateway  
  84  6:46  Gateway  
  84  6:48  Gateway  
  84  6:53  Pylon  
  84  7:07  Immortal (Chrono Boost)  
  84  7:08  Immortal (Chrono Boost)  
  92  7:17  Probe x3  
  92  7:21  Pylon  
  94  7:24  Pylon  
  94  7:25  Pylon  
  94  7:29  Probe  
  95  7:39  Probe (Chrono Boost)  
  95  7:40  Probe (Chrono Boost)  
  95  7:42  Assimilator  
  98  7:44  Templar Archives, Probe (Chrono Boost)  
  98  7:46  Assimilator  
  100  7:51  Probe (Chrono Boost)  
  100  7:56  Probe (Chrono Boost)  
  100  7:58  Probe (Chrono Boost)  
  101  8:03  Zealot, Immortal, Probe  
  101  8:04  Zealot x6  
  120  8:06  Psionic Storm  
  120  8:13  Probe  
  120  8:14  Probe  
  120  8:15  Probe  
  123  8:26  Probe  
  124  8:27  Pylon  
  124  8:30  High Templar x3  
  124  8:31  High Templar x2  
  134  8:37  Nexus  
  134  8:41  Pylon  
  134  8:44  Pylon  
  129  9:04  Zealot  
  129  9:05  Zealot x8  
  123  9:21  Probe x2  
  125  9:30  Protoss Ground Weapons Level 2 (Chrono Boost)  
  125  9:37  Observer, Immortal  
  130  9:51  Zealot x4  
  138  9:53  High Templar x2  
  138  9:54  High Templar x2  
  138  9:57  Archon  
  138  9:58  Archon, Immortal  
  148  10:23  High Templar  
  148  10:24  High Templar x3  
  148  10:25  Zealot x2  
  148  10:26  Zealot x3  
  166  10:29  Archon x2  
  166  10:49  Immortal  
  170  10:50  Immortal  
  170  10:52  Pylon  
  170  10:54  Pylon  
  170  10:55  Pylon  
  160  11:10  Photon Cannon  
  158  11:12  Zealot x9, Photon Cannon  
  158  11:13  Shield Battery  
  158  11:15  Assimilator  
  158  11:18  Assimilator  
  156  11:50  Archon x2  
  150  11:57  Observer  
  125  12:10  Immortal  
  125  12:11  Zealot x9  
  125  12:18  Immortal  
  107  12:33  Forge  
  95  12:42  Gateway  
  95  12:44  Gateway  
  95  12:45  Gateway x2  
  95  12:49  High Templar x7  
  95  12:54  Immortal  
  95  12:57  Immortal  
  95  13:09  High Templar x2  
  95  13:13  Archon  
  95  13:21  Zealot x7  
Show
View Real Time Build Order
Export as new Build Order

TerrorSquad Zerg 

Build Orders: Pool First, Lurkers 

Get SALT Encoding   

  12  0:01  Drone  
  13  0:22  Spawning Pool  
  13  0:24  Drone  
  13  0:29  Drone  
  13  0:35  Drone, Extractor  
  14  0:42  Overlord  
  15  1:09  Zergling x6  
  18  1:17  Hatchery  
  17  1:20  Zergling x2  
  18  1:31  Drone  
  19  1:51  Drone  
  20  1:57  Overlord  
  20  1:58  Hatchery  
  19  2:03  Drone  
  20  2:17  Drone  
  20  2:21  Queen  
  23  2:23  Extractor  
  23  2:24  Drone  
  23  2:36  Drone x2  
  24  2:39  Queen  
  26  2:44  Zergling x2  
  26  3:01  Zergling x2  
  27  3:09  Queen  
  27  3:10  Drone x4  
  33  3:29  Drone x2  
  33  3:30  Drone x3  
  33  3:33  Overlord  
  38  3:39  Drone  
  38  3:40  Drone  
  40  3:53  Metabolic Boost  
  39  3:59  Drone, Overlord  
  40  4:06  Roach Warren  
  40  4:09  Overlord  
  39  4:10  Drone  
  39  4:11  Drone x2  
  39  4:15  Drone  
  43  4:20  Extractor  
  43  4:21  Drone, Extractor, Overlord  
  43  4:23  Drone  
  43  4:30  Drone  
  43  4:31  Drone x3  
  47  4:38  Drone x2  
  49  4:39  Drone  
  49  4:40  Drone x2  
  52  4:49  Drone  
  53  4:53  Drone  
  53  4:54  Evolution Chamber  
  53  4:59  Overlord  
  53  5:00  Roach x2  
  53  5:01  Roach x2  
  53  5:02  Drone  
  62  5:11  Drone x2  
  64  5:14  Lair  
  64  5:15  Drone x2  
  64  5:16  Drone x2  
  68  5:23  Drone  
  68  5:24  Extractor  
  68  5:26  Spore Crawler  
  67  5:28  Spore Crawler  
  67  5:31  Spore Crawler, Drone x3, Overlord  
  66  5:46  Spore Crawler  
  65  5:56  Drone x2  
  69  5:57  Drone x3, Roach  
  69  5:58  Roach x4  
  80  6:05  Spine Crawler  
  80  6:10  Roach  
  80  6:11  Roach x3  
  87  6:17  Drone  
  87  6:18  Spore Crawler, Drone  
  88  6:22  Ravager  
  88  6:25  Extractor, Overlord  
  89  6:29  Overseer  
  88  6:35  Zergling x2, Overlord  
  89  6:40  Extractor  
  89  6:42  Spine Crawler  
  89  6:43  Spine Crawler  
  89  6:44  Glial Reconstitution, Spine Crawler  
  89  6:46  Spore Crawler  
  84  6:49  Spine Crawler  
  84  6:50  Drone x2, Spine Crawler  
  84  6:52  Drone x3  
  84  6:53  Drone  
  88  6:56  Drone  
  88  6:59  Zerg Missile Weapons Level 1  
  88  7:00  Overlord  
  88  7:01  Drone  
  90  7:06  Drone  
  90  7:07  Drone  
  90  7:08  Spine Crawler  
  91  7:12  Queen  
  91  7:14  Queen  
  95  7:21  Overlord  
  95  7:25  Spine Crawler  
  95  7:26  Overlord  
  95  7:28  Drone x4  
  98  7:32  Spine Crawler  
  98  7:34  Overlord  
  97  7:38  Overlord  
  97  7:40  Drone  
  98  7:47  Overlord  
  97  7:51  Roach  
  97  7:52  Roach x5  
  109  8:01  Queen  
  109  8:02  Baneling Nest  
  108  8:14  Hydralisk Den  
  108  8:15  Evolution Chamber  
  108  8:16  Roach x3  
  108  8:17  Roach x4  
  108  8:19  Drone x2  
  122  8:20  Overseer  
  122  8:22  Overlord  
  122  8:25  Drone  
  123  8:28  Ravager x3  
  123  8:29  Ravager x3  
  129  8:39  Drone  
  130  8:45  Grooved Spines, Hydralisk x5  
  134  9:06  Roach  
  134  9:07  Roach x10  
  131  9:14  Zergling x2  
  112  9:21  Zergling x6  
  112  9:23  Centrifugal Hooks  
  110  9:24  Zerg Missile Weapons Level 2  
  110  9:25  Zerg Ground Armor Level 1  
  110  9:28  Zergling x2  
  110  9:30  Overlord  
  106  9:40  Overlord  
  106  9:44  Hatchery  
  106  9:45  Hydralisk x3  
  109  9:51  Overlord  
  111  9:56  Muscular Augments  
  111  9:57  Overlord  
  111  10:09  Roach x8  
  127  10:17  Infestation Pit  
  127  10:18  Lurker Den  
  127  10:19  Overlord  
  127  10:20  Drone x3  
  127  10:21  Drone  
  129  10:33  Zergling x2  
  129  10:37  Roach x2  
  129  10:42  Ravager x3  
  134  10:43  Ravager  
  134  10:45  Roach x6  
  134  10:46  Roach x2  
  150  10:51  Tunneling Claws  
  149  10:59  Roach  
  149  11:00  Roach x4  
  149  11:28  Lurker  
  149  11:30  Lurker x3  
  128  11:55  Roach x6  
  128  11:56  Roach x7  
  145  12:03  Zergling x30  
  145  12:07  Queen x3  
  120  12:16  Zergling x10  
  120  12:21  Roach x3  
  121  12:26  Roach x3  
  116  12:43  Queen  
Tags
 
Add a new tag
Caveats
  • Supply blocks, unpowered buildings, or Contaminate may cause inaccurate times.
  • Supply counts are checked every 10 seconds.